 Dungeon Crawl Stone Soup version 0.30-b1-2-g02819fbbbe (webtiles) character file.

Game seed: 14437032870781778186

449 LLlMATKO the Chopper (level 6, -2/76 (84) HPs)
             Began as a Minotaur Berserker on Aug 27, 2023.
             Was a Believer of Trog.
             Slain by a wight
             ... wielding a +0 great sword
              (4 damage)
             ... on level 5 of the Dungeon.
             The game lasted 00:02:21 (3620 turns).

LLlMATKO the Chopper (Minotaur Berserker)           Turns: 3620, Time: 00:02:22

HP:   -2/76 (84)    AC: 10    Str: 24    XL:     6   Next: 74%
MP:   5/5           EV:  9    Int:  4    God:    Trog [**....]
Gold: 65            SH:  0    Dex:  9    Spells: 5/5 levels left

rFire   . . .        a - +0 hand axe
rCold   . . .        (no shield)
rNeg    . . .        f - +0 chain mail
rPois   .            b - +0 hat
rElec   .            (no cloak)
rCorr   .            g - +0 pair of gloves
SInv    .            (no boots)
Will    .....        (no amulet) Stlth
                     (no ring)
HPRegen 0.32/turn    (no ring)
MPRegen 0.09/turn

%: no passive effects
@: berserking (expiring), drained, very quick
A: horns 2, retaliatory headbutt
a: Renounce Religion, Berserk, Trog's Hand


You were on level 5 of the Dungeon.
You worshipped Trog.
Trog was pleased with you.
You visited 1 branch of the dungeon, and saw 5 of its levels.

You collected 65 gold pieces.

Inventory:

Hand Weapons
 a - a +0 hand axe (weapon)
 u - a +2 hand axe of distortion
Missiles
 r - 17 poisoned darts (quivered)
Armour
 b - a +0 hat (worn)
 f - a +0 chain mail (worn)
 g - a +0 pair of gloves (worn)
Jewellery
 j - an amulet of faith
 v - a +6 ring of intelligence
Wands
 w - a wand of polymorph (9)
 y - a wand of acid (14)
Scrolls
 d - a scroll of noise {unknown}
 e - 3 scrolls of identify {unknown}
 i - 2 scrolls of poison {unknown}
 n - 2 scrolls of fear {unknown}
 o - 2 scrolls of vulnerability {unknown}
 s - a scroll of teleportation {unknown}
 x - a scroll of acquirement {unknown}
Potions
 c - 3 potions of curing {unknown}
 h - a potion of attraction {unknown}
 k - a potion of haste {unknown}
 l - 3 potions of brilliance {unknown}
 m - a potion of berserk rage {unknown}
 p - a potion of magic {unknown}
 q - a potion of heal wounds {unknown}
 t - 2 potions of mutation {unknown}


   Skills:
 + Level 5.5 Fighting
 + Level 5.6 Axes
 + Level 4.8 Armour
 + Level 4.3 Dodging


You had 5 spell levels left.
You didn't know any spells.
Your spell library was empty.

Dungeon Overview and Level Annotations

Branches:
Dungeon (5/15)
 Temple: D:4-7

Altars:
Dithmenos
Gozag
Makhleb
Qazlal
Uskayaw
Wu Jian
The Shining One

Shops:
D:1 (


Innate Abilities, Weirdness & Mutations

You have a pair of horns on your head.
You reflexively headbutt those who attack you in melee.


Message History

The wight hits you from afar with a +3 halberd of freezing.
The wight freezes you.
Unknown command.
You slash the wight!
The wight is severely damaged.
You slash the wight! The wight hits you with a +0 falchion.
You feel drained.
The wight hits you from afar with a +3 halberd of freezing.
The wight freezes you.
The wight hits you with a +0 great sword.
You feel drained.
You closely miss the wight.
The wight is severely damaged.
You barely miss the wight.
Unknown command.
You hit the wight. You headbutt the wight.
The wight is almost destroyed.
You barely miss the wight. The wight hits you but does no damage.
The wight barely misses you.
The wight hits you from afar with a +3 halberd of freezing.
You feel drained. The wight freezes you.
Unknown command.
You slash the wight!
You destroy the wight!
Trog accepts your kill.
You closely miss the wight.
The wight hits you with a +0 great sword.
You feel drained.
The wight hits you from afar with a +3 halberd of freezing!
* * * LOW HITPOINT WARNING * * *
You feel drained.
* * * LOW HITPOINT WARNING * * *
The wight freezes you.
* * * LOW HITPOINT WARNING * * *
You closely miss the orc wizard. Your headbutt misses the orc wizard.
You closely miss the wight.
The orc wizard points at you and mumbles some strange words.
The magic dart hits you.
* * * LOW HITPOINT WARNING * * *
The wight hits you with a +0 great sword.
You die...

######### #.##.##.#
#.......# #.#..##.. #
#.#...#.. #. ########
#.#...#.. #..
#......###.#.#.###
###(..######.....#......
....8zo@'..#.##..#.....#
##....z##)....#..#......
##...# ####..#.>#.###.#
##.# #.....#.# #.# #.
#.....#.# #.# .
#....##.# #.# .
#.......# ..# ..
####..#.########
................


You could see 2 wights and an orc wizard.

Vanquished Creatures
  An ice beast (D:3)
  A wight (D:5)
  A howler monkey (D:4)
  2 orc priests
  An iguana (D:4)
  An orc wizard (D:5)
  7 adders
  A gnoll (D:1)
  A worm (D:2)
  3 dart slugs
  6 orcs
  8 ball pythons
  3 bats
  5 endoplasms
  A giant cockroach (D:2)
  2 goblins
  3 hobgoblins
  11 jackals
  3 kobolds
  4 quokkas
  6 rats
71 creatures vanquished.

Notes
Turn   | Place    | Note
-------+----------+-------------------------------------------
     0 | D:1      | LLlMATKO the Minotaur Berserker began the quest for the
                  | Orb.
     0 | D:1      | Reached XP level 1. HP: 19/19 MP: 0/0
   171 | D:1      | Found Uhuuc's Antique Weapon Shoppe.
   303 | D:1      | Reached XP level 2. HP: 20/27 MP: 1/1
   626 | D:1      | Reached XP level 3. HP: 33/33 MP: 2/2
  1558 | D:2      | Reached XP level 4. HP: 41/41 MP: 3/3
  1682 | D:2      | Reached ** piety under Trog
  1995 | D:3      | Noticed an ice beast
  2004 | D:3      | Killed an ice beast
  2005 | D:3      | Reached XP level 5. HP: 47/47 MP: 4/4
  2146 | D:3      | Reached skill level 5 in Fighting
  2146 | D:3      | Reached skill level 5 in Axes
  2582 | D:3      | Found an opulent altar of Gozag.
  2837 | D:3      | Reached XP level 6. HP: 51/56 MP: 5/5
  3273 | D:4      | Found a shadowy altar of Dithmenos.
  3293 | D:4      | Found a stormy altar of Qazlal.
  3350 | D:4      | Found an ornate altar of the Wu Jian Council.
  3361 | D:4      | Found a hide-covered altar of Uskayaw.
  3361 | D:4      | Found a burning altar of Makhleb.
  3367 | D:4      | Found a glowing golden altar of the Shining One.
  3445 | D:5      | Entered Level 5 of the Dungeon
  3620 | D:5      | HP: 2/76 [orc wizard/magic dart (4)]
  3620 | D:5      | Slain by a wight

Illustrated notes

Levels and vault maps discovered:
D:1:      matt_arrival_spirals, layout_loops_ring, serial_shops, shop
D:2:      layout_loops_corners
D:3:      layout_basic, mainiacjoe_overflow_tiny_flanked,
          minmay_fractal_squares_5
D:4:      layout_rooms, grunt_dithmenos_smoke, minitemple
D:5:      cheibrodos_helix_gallery, layout_basic, mainiacjoe_overflow_swirl,
          grunt_ministairs_14, st_stairs_11

Skill      XL: |  1  2  3  4  5  6 |
---------------+-------------------+-----
Fighting       | 4 5 |  5.5
Axes           | 4 5 |  5.6
Armour         | 3 4 |  4.8
Dodging        | 3 4 |  4.3

Action                     |  1- 3 |  4- 6 || total
---------------------------+-------+-------++-------
  Melee: Hand axe          |    70 |   104 ||   174
         Headbutt          |     7 |    12 ||    19
         Punch             |       |     2 ||     2
 Invoke: Berserk           |       |     4 ||     4
 Armour: Animal skin       |     1 |       ||     1
         Chain mail        |    12 |    47 ||    59
  Dodge: Dodged            |    49 |    50 ||    99
